 Dungeon Crawl Stone Soup version 0.19.1 (webtiles) character file.

564 Darkmans the Covert (level 7, -3/33 HPs)
             Began as a Spriggan Assassin on Dec 13, 2016.
             Was an Initiate of Dithmenos.
             Slain by a wyvern skeleton (4 damage)
             ... on level 6 of the Dungeon.
             The game lasted 00:11:17 (4681 turns).

Darkmans the Covert (Spriggan Assassin)             Turns: 4681, Time: 00:11:18

Health: -3/33      AC:  3    Str:  7    XL:     7   Next: 10%
Magic:  8/8        EV: 17    Int: 13    God:    Dithmenos [......]
Gold:   134        SH:  0    Dex: 19    Spells: 0 memorised, 6 levels left

rFire  . . .     SeeInvis +     a - +2 dagger
rCold  . . .     Gourm    .     c - +0 robe
rNeg   + . .     Faith    .     (shield restricted)
rPois  .         Spirit   .     (helmet restricted)
rElec  .         Reflect  .     d - +0 cloak
rCorr  .         Harm     .     (gloves unavailable)
MR     +....                    (boots unavailable)
Stlth  ++++......               (no amulet)
                                w - ring of loudness
                                j - ring of positive energy

@: very quick
A: unfitting armour, see invisible, herbivore 3, speed 3, slow metabolism 2
a: Renounce Religion


You were on level 6 of the Dungeon.
You worshipped Dithmenos.
Dithmenos was noncommittal.
You were very hungry.

You visited 1 branch of the dungeon, and saw 6 of its levels.

You collected 134 gold pieces.

Inventory:

Hand Weapons
 a - a +2 dagger (weapon)
 b - a +0 blowgun
Missiles
 e - 16 poisoned needles
 f - a curare-tipped needle
 n - 3 needles of sleeping
Armour
 c - a +0 robe (worn)
 d - a +0 cloak (worn)
Jewellery
 j - a ring of positive energy (left hand)
 w - a ring of loudness (right hand)
Wands
 t - a wand of digging (24/24)
Scrolls
 h - 5 scrolls of teleportation
 p - a scroll of blinking
 x - a scroll of noise
Potions
 k - a potion of invisibility {unknown}
 m - a potion of degeneration {unknown}
 o - a potion of curing {unknown}
 q - 2 potions of heal wounds {unknown}
 r - a potion of agility {unknown}
 s - a potion of lignification {unknown}
 u - a potion of flight {unknown}
 v - a potion of cure mutation {unknown}
Comestibles
 g - 4 bread rations
 i - 11 fruits
 l - a slice of pizza


   Skills:
 - Level 1.5 Fighting
 - Level 6.2 Short Blades
 - Level 2.0 Throwing
 * Level 1.9 Dodging
 - Level 10.0 Stealth


You had 6 spell levels left.
You didn't know any spells.

Dungeon Overview and Level Annotations

Branches:
Dungeon (6/15)
 Temple: D:4-7

Altars:
Ashenzari
Dithmenos
Elyvilon
Makhleb
Ru
Xom
Zin

Annotations:
D:5 Dowan, Duvessa, Menkaure
D:6 Prince Ribbit


Innate Abilities, Weirdness & Mutations

You are very small and have problems with some larger weapons.
You are too small for most types of armour.
You have supernaturally acute eyesight. (SInv)
You are a herbivore.
You cover ground extremely quickly.
You need consume almost no food.


Message History

The wyvern skeleton closely misses you.
You hit the wyvern skeleton.
The wyvern skeleton is severely damaged.
The wyvern skeleton bites you!
You hit the wyvern skeleton.
The wyvern skeleton is severely damaged.
The wyvern skeleton closely misses you.
You barely miss the wyvern skeleton.
The wyvern skeleton is severely damaged.
The wyvern skeleton bites you.
You barely miss the wyvern skeleton.
The wyvern skeleton is severely damaged.
You barely miss the wyvern skeleton.
The wyvern skeleton is severely damaged.
The wyvern skeleton bites you!
* * * LOW HITPOINT WARNING * * *
You hit the wyvern skeleton.
The wyvern skeleton is almost destroyed.
The wyvern skeleton bites you.
You die...

# .... .## .....
... #.......
#.###.#####... ...
#.....Z..##.# #.#
#...@....##..##.
##..............
#...............
#................
........##..#####
#.............#
...########...#####
#.# #####.......>#
#.....##..##.#


You could see a wyvern skeleton.

Vanquished Creatures
  Grinder (D:4)
  An ogre (D:5)
  A jelly (D:5)
  A centaur skeleton (D:5)
  3 worker ants (D:4)
  A hound zombie (D:5)
  4 gnolls (D:4)
  3 adders
  2 oozes
  An adder zombie (D:5)
  An adder skeleton (D:4)
  A dart slug (D:2)
  4 leopard geckos
  3 orcs (D:4)
  A giant cockroach (D:4)
  7 hobgoblins
  7 jackals
  3 kobolds (D:1)
  A quokka (D:5)
  2 ball pythons
  5 bats
  2 frilled lizards
  A goblin (D:2)
  A leopard gecko zombie (D:4)
  2 rats (D:1)
59 creatures vanquished.

Vanquished Creatures (others)
  A quokka (D:4)
1 creature vanquished.

Grand Total: 60 creatures vanquished

Notes
Turn   | Place    | Note
-------+----------+-------------------------------------------
     0 | D:1      | Darkmans the Spriggan Assassin began the quest for the Orb.
     0 | D:1      | Reached XP level 1. HP: 10/10 MP: 2/2
    53 | D:1      | Reached skill level 6 in Stealth
   201 | D:1      | Reached XP level 2. HP: 6/14 MP: 3/3
  1313 | D:2      | Reached XP level 3. HP: 14/18 MP: 4/4
  1420 | D:2      | Reached skill level 7 in Stealth
  1666 | D:2      | Found a shimmering altar of Xom.
  1710 | D:2      | Found a sacrificial altar of Ru.
  2017 | D:3      | You fall through a shaft for 3 floors!
  2021 | D:5      | Entered Level 5 of the Dungeon
  2021 | D:5      | Noticed Prince Ribbit
  2078 | D:4      | Reached XP level 4. HP: 16/22 MP: 5/5
  2443 | D:4      | Noticed Grinder
  2445 | D:4      | Killed Grinder
  2445 | D:4      | Reached skill level 5 in Short Blades
  2445 | D:4      | Reached skill level 9 in Stealth
  2445 | D:4      | Reached XP level 5. HP: 25/25 MP: 6/6
  2445 | D:4      | Reached XP level 6. HP: 30/30 MP: 7/7
  2543 | D:4      | Found a white marble altar of Elyvilon.
  3818 | D:5      | Reached skill level 10 in Stealth
  3818 | D:5      | Reached XP level 7. HP: 11/33 MP: 8/8
  4202 | D:5      | Found a burning altar of Makhleb.
  4204 | D:5      | Found a shadowy altar of Dithmenos.
  4206 | D:5      | Found a glowing silver altar of Zin.
  4212 | D:5      | Became a worshipper of Dithmenos the Shadowed
  4288 | D:5      | Noticed Menkaure
  4596 | D:5      | Noticed Dowan
  4599 | D:5      | Noticed Duvessa
  4642 | D:6      | Found a shattered altar of Ashenzari.
  4680 | D:6      | HP: 1/33 [wyvern skeleton (12)]
  4681 | D:6      | Slain by a wyvern skeleton

Skill      XL: |  1  2  3  4  5  6 |
---------------+-------------------+-----
Stealth        | 6 7 9 10 | 10.0
Short Blades   | 3 5 6 |  6.2
Fighting       | |  1.5
Throwing       | |  2.0
Dodging        | |  1.9

Action                   |  1- 3 |  4- 6 |  7- 9 || total
-------------------------+-------+-------+-------++-------
Melee: Dagger            |   112 |    85 |    78 ||   275
 Fire: Blowgun           |     3 |    28 |       ||    31
  Use: Scroll            |     3 |       |     6 ||     9
 Stab: Sleeping          |    10 |     6 |       ||    16
       Distracted        |     1 |       |       ||     1
Armor: Robe              |     7 |     3 |    12 ||    22
Dodge: Dodged            |    79 |    66 |    67 ||   212
